 Dungeon Crawl Stone Soup version 0.24-a0-524-gf43b32f898 (webtiles) character file.

Game seed: 8157381052534607402

948 RedPan the Changer (level 7, -3/52 HPs)
             Began as a Yellow Draconian Transmuter on July 31, 2019.
             Killed by divine providence
             ... invoked by an orc priest
              (12 damage)
             ... on level 5 of the Dungeon.
             The game lasted 00:11:35 (5518 turns).

RedPan the Changer (Yellow Draconian Transmuter)    Turns: 5518, Time: 00:11:42

Health: -3/52      AC:  2    Str: 12    XL:     7   Next: 89%
Magic:  9/10       EV: 22    Int: 15    God:
Gold:   246        SH:  0    Dex: 17    Spells: 4/10 levels left

rFire    . . .     SeeInvis .     - Unarmed
rCold    . . .     Gourm    .   (shield currently unavailable)
rNeg     . . .     Faith    .   (armour unavailable)
rPois    x         Spirit   .   (helmet currently unavailable)
rElec    .         Reflect  .   (cloak currently unavailable)
rCorr    .         Harm     .   (gloves currently unavailable)
MR       .....                  (boots currently unavailable)
Stlth    ++........             (no amulet)
HPRegen  0.17/turn              (no ring)
MPRegen  0.12/turn              (no ring)

@: spider-form
A: tiny, (spit acid), unfitting armour, AC +6
a: End Transformation


You were on level 5 of the Dungeon.
You were not hungry.
You were a venomous arachnid creature.
You visited 1 branch of the dungeon, and saw 5 of its levels.
You also visited: Ossuary.

You collected 246 gold pieces.

Inventory:

Missiles
 a - 45 arrows
Armour
 n - a +1 pair of gloves (melded)
Wands
 d - a wand of acid (9)
Scrolls
 e - 2 scrolls of amnesia
 j - a scroll of enchant weapon
 l - 3 scrolls of remove curse
 o - a scroll of enchant armour
 q - 2 scrolls of teleportation
 t - a scroll of fog {unknown}
Potions
 b - 2 potions of magic
 f - a potion of flight
 g - 2 potions of brilliance
 i - 2 potions of lignification
 k - a potion of curing
 m - a potion of heal wounds {unknown}
 p - 2 potions of invisibility
 r - a potion of might {unknown}
 s - a potion of haste {unknown}
Comestibles
 c - 13 rations


   Skills:
 - Level 1.1 Fighting
 + Level 4.0 Dodging
 + Level 5.0 Unarmed Combat
 - Level 2.0 Spellcasting
 - Level 6.1 Transmutations
 + Level 3.7 Poison Magic


You had 4 spell levels left.
You knew the following spells:

 Your Spells              Type           Power        Failure   Level  Hunger
a - Beastly Appendage     Tmut           ###...       8%          1    #......
b - Sticks to Snakes      Tmut           ###.....     10%         2    ###....
c - Spider Form           Tmut/Pois      ###.......   22%         3    ###....

Your spell library contained the following spells:

 Spells                   Type           Power        Failure   Level  Hunger
 Ice Form                 Ice/Tmut       ##......     75%         4    #####..
 Blade Hands              Tmut           ###.......   67%         5    ######.


Dungeon Overview and Level Annotations

Branches:
Dungeon (5/15)
 Temple: D:4-7

Altars:
Dithmenos
Gozag
Okawaru
Sif Muna
Uskayaw
Vehumet


Innate Abilities, Weirdness & Mutations

((You can spit globs of acid.))
((Your golden yellow scales are hard. (AC +6)))
You cannot fit into any form of body armour.
((You are cold-blooded and may be slowed by cold attacks.))
((You are resistant to acid. (rCorr)))


Message History

Pain shoots through your body!
You hit the orc priest but do no damage.
The sentinel's mark upon you fades away.
The orc closely misses you. The orc barely misses you.
You completely miss the orc priest.
The orc priest mumbles some strange prayers to Beogh against you.
Pain shoots through your body!
* * * LOW HITPOINT WARNING * * *
You hit the orc priest but do no damage.
The orc priest is poisoned.
The orc closely misses you. The orc priest barely misses you.
The orc wizard hits you with a +0 dagger.
* * * LOW HITPOINT WARNING * * *
You bite the orc priest!
The orc priest looks as sick as possible!
The orc priest is severely wounded.
The orc misses you.
The orc priest calls down the wrath of Beogh upon you.
Beogh smites you!
You die...

+..........#... .
#..........# .. ..
##..........# .
..#####.....#.....#
............#######
...#..o.....#
#.o{Y....#
#.#o###### ...#s#
#....Yoo# #.....os#
........# .####..##
#.. #.. #..


You could see an ice beast, a sky beast, an orc priest, an orc wizard, 4 orcs
and a giant cockroach.

Vanquished Creatures
  Sigmund (D:2)
  Menkaure (Ossuary)
  A phantom (D:4)
  3 hounds
  An orc priest (D:4)
  Terence (D:1)
  Jessica (D:2)
  2 orc wizards (D:3)
  4 worker ants
  3 mummies (Ossuary)
  A hound skeleton (D:4)
  8 adders
  A gnoll (D:1)
  2 adder zombies
  3 worms
  3 leopard geckos
  7 orcs
  4 ball pythons
  A bat zombie (D:1)
  5 giant cockroaches
  6 goblins
  9 hobgoblins
  7 jackals (D:3)
  A quokka (D:2)
  4 bats
  A frilled lizard (D:3)
  4 gnoll skeletons (Ossuary)
  5 gnoll zombies (Ossuary)
  4 goblin skeletons (Ossuary)
  5 goblin zombies (Ossuary)
  3 hobgoblin skeletons (Ossuary)
  A hobgoblin zombie (Ossuary)
  A jackal skeleton (D:5)
  6 kobolds
  4 kobold skeletons (Ossuary)
  4 kobold zombies (Ossuary)
  A leopard gecko skeleton (D:5)
  6 orc skeletons (Ossuary)
  6 orc zombies (Ossuary)
  6 rats
  4 rat skeletons (Ossuary)
  4 rat zombies (Ossuary)
145 creatures vanquished.

Vanquished Creatures (collateral kills)
  A goblin (D:1)
1 creature vanquished.

Grand Total: 146 creatures vanquished

Notes
Turn   | Place    | Note
-------+----------+-------------------------------------------
     0 | D:1      | RedPan the Draconian Transmuter began the quest for the
                  | Orb.
     0 | D:1      | Reached XP level 1. HP: 16/16 MP: 3/3
   281 | D:1      | Reached XP level 2. HP: 22/23 MP: 3/5
   479 | D:1      | Reached skill level 3 in Transmutations
   521 | D:1      | Learned a level 2 spell: Sticks to Snakes
   554 | D:1      | Reached XP level 3. HP: 9/28 MP: 2/6
  1417 | D:2      | Found an iron altar of Okawaru.
  1417 | D:2      | Noticed Terence
  1417 | D:2      | Noticed Sigmund
  1433 | D:1      | Learned a level 3 spell: Spider Form
  1444 | D:1      | Killed Terence
  1444 | D:1      | Reached skill level 4 in Transmutations
  1572 | D:2      | Killed Sigmund
  1572 | D:2      | Reached skill level 6 in Transmutations
  1572 | D:2      | Reached XP level 4. HP: 22/35 MP: 4/7
  1572 | D:2      | Reached XP level 5. HP: 26/40 MP: 4/8
  1859 | D:2      | Found an opulent altar of Gozag.
  1920 | D:2      | Found a hide-covered altar of Uskayaw.
  2180 | D:2      | Found a shadowy altar of Dithmenos.
  2185 | D:2      | Noticed Jessica
  2190 | D:2      | Killed Jessica
  2190 | D:2      | Reached XP level 6. HP: 43/47 MP: 5/9
  2329 | D:2      | Found a deep blue altar of Sif Muna.
  2709 | D:3      | Reached skill level 1 in Poison Magic
  3749 | D:4      | Found a radiant altar of Vehumet.
  4009 | D:4      | Your scales start taking on a golden yellow colour.
  4009 | D:4      | Reached XP level 7. HP: 47/52 MP: 6/10
  4009 | D:4      | Gained mutation: You are resistant to acid. (rCorr) [Yellow
                  | Draconian growth]
  4232 | D:4      | Found a sand-covered staircase.
  4240 | Ossuary  | Entered an ossuary
  4738 | Ossuary  | Noticed Menkaure
  4951 | Ossuary  | Killed Menkaure
  5449 | D:5      | Entered Level 5 of the Dungeon
  5505 | D:5      | Reached skill level 5 in Unarmed Combat
  5518 | D:5      | Killed from afar by an orc priest

Levels and vault maps discovered:
D:1:      saegor_arrival_fortress, layout_loops_ring, hangedman_decor_slide_cut,
          st_stairs_12
D:2:      layout_loops_ring, lemuel_doored_altar, okawaru_metal_pillars_1_2,
          led_sif_pool, grunt_gozag_breadcrumbs,
          nicolae_dithmenos_shadow_blocks, uniq_sigmund, uniq_terence,
          uniq_jessica
D:3:      layout_loops_ring, first_ration
D:4:      layout_basic, kennysheep_mini, lightli_ossuary_entry_decrepit_ruins,
          nrook_mini_backslash
D:5:      layout_basic, old_standard_altar, nicolae_overflow_crystal_walls,
          minmay_temple_entry_enclosed_plants, serial_park_tiny_2

Skill      XL: |  1  2  3  4  5  6  7 |
---------------+----------------------+-----
Transmutations | 3 6 |  6.1
Dodging        | 2 4 |  4.0
Poison Magic   | 2 3 |  3.7
Unarmed Combat | 5 |  5.0
Fighting       | |  1.1
Spellcasting   | |  2.0

Action                   |  1- 3 |  4- 6 |  7- 9 || total
-------------------------+-------+-------+-------++-------
Melee: Unarmed           |    68 |   159 |   269 ||   496
       Headbutt          |     3 |       |       ||     3
       Tailslap          |     2 |     7 |    25 ||    34
       Kick              |     1 |       |       ||     1
       Punch             |       |       |     3 ||     3
 Cast: Beastly Appendage |    10 |     1 |       ||    11
       Sticks to Snakes  |     1 |       |       ||     1
       Spider Form       |     2 |    16 |    13 ||    31
Evoke: Wand              |       |       |     2 ||     2
  Use: Scroll            |     1 |    10 |     5 ||    16
       Potion            |       |       |     1 ||     1
 Stab: Sleeping          |     2 |     1 |       ||     3
  Eat: Chunk             |     2 |    11 |     3 ||    16
       Ration            |       |       |     1 ||     1
Armor: Skin              |     5 |    40 |    38 ||    83
Dodge: Dodged            |    45 |   115 |   163 ||   323

Table legend:
 A = Non-vault XP
 B = Vault XP
 C = Vault XP percentage of total XP
 D = Non-vault monster count
 E = Vault monster count
 F = Vault count percentage of total count
                 A         B        C        D         E       F
            +---------+---------+-------+---------+---------+-------
      Total |     755 |     600 |  44.3 |      86 |      57 |  39.9
            +---------+---------+-------+---------+---------+-------
        D:1 |      43 |      47 |  52.2 |      19 |       4 |  17.4
        D:2 |      47 |     275 |  85.4 |      12 |       2 |  14.3
        D:3 |     149 |       0 |   0.0 |      30 |       0 |   0.0
        D:4 |     410 |       0 |   0.0 |      17 |       0 |   0.0
        D:5 |     106 |       0 |   0.0 |       8 |       0 |   0.0
    Ossuary |       0 |     278 | 100.0 |       0 |      51 | 100.0
            +---------+---------+-------+---------+---------+-------
